 Dungeon Crawl Stone Soup version 0.31-a0-277-g31ea1f65cc (webtiles) character file.

Game seed: 5732855694880429825

103751 Flugkiller the Spry (level 16, -4/183 HPs)
             Began as an Octopode Berserker on July 15, 2023.
             Was a High Priest of Trog.
             Succumbed to a green ugly thing's poison
             ... on level 15 of the Dungeon.
             The game lasted 00:24:58 (24924 turns).

Flugkiller the Spry (Octopode Berserker)           Turns: 24924, Time: 00:24:59

Health: -4/183     AC:  1    Str: 16    XL:     16   Next: 36%
Magic:  3/14       EV: 28    Int: 10    God:    Trog [*****.]
Gold:   2538       SH:  0    Dex: 25    Spells: 15/15 levels left

rFire   . .          .
                       - Unarmed
rCold   + . .        (shield currently unavailable)
rNeg    . . .        O - +2 hat {Stlth+}
rPois   .            b - amulet of guardian spirit
rElec   .            g - +6 ring of dexterity
rCorr   .            p - +4 ring of protection
SInv    .            c - ring of protection from cold
Will    ++...        m - ring of willpower Stlth
                     (no ring)
HPRegen 0.50/turn    (no ring)
MPRegen 0.14/turn    (no ring)
                     (no ring)

%: guardian spirit
@: berserking (expiring), lethally poisoned (-4 -> -40), blade tentacles,
corroded, very quick
A: almost no armour, amphibious, 8 rings, camouflage 1, gelatinous body 1,
(nimble swimmer 1), tentacles, iridescent scales 1, low MP 1
a: Begin Untransformation, Renounce Religion, Berserk, Trog's Hand, Brothers in
Arms


You were on level 15 of the Dungeon.
You worshipped Trog.
Trog was extremely pleased with you.
You had blades for main tentacles.
You visited 2 branches of the dungeon, and saw 20 of its levels.
You also visited: Ice Cave.

You collected 2658 gold pieces.
You spent 120 gold pieces at shops.

Inventory:

Missiles
 v - 6 curare-tipped darts
 K - 2 throwing nets
Armour
 h - a +2 buckler of cold resistance
   (You found it in an ice cave)
 O - a +2 hat of stealth (worn)
   (You found it on level 7 of the Dungeon)
Jewellery
 b - an amulet of guardian spirit (around mantle)
   (You found it on level 5 of the Dungeon)
 c - a ring of protection from cold (on tentacle)
   (You found it on level 4 of the Lair of Beasts)
 g - a +6 ring of dexterity (left blade tentacle)
   (You found it on level 1 of the Dungeon)
 m - a ring of willpower (on tentacle)
   (You found it on level 4 of the Lair of Beasts)
 p - a +4 ring of protection (right blade tentacle)
   (You found it on level 1 of the Lair of Beasts)
Talismans
 f - a maw talisman
   (You found it on level 2 of the Lair of Beasts)
 s - a blade talisman
   (You found it on level 3 of the Lair of Beasts)
 N - a serpent talisman
   (You found it on level 5 of the Lair of Beasts)
Wands
 r - a wand of mindburst (8)
   (You found it in an ice cave)
 u - a wand of quicksilver (6)
   (You found it on level 5 of the Dungeon)
 x - a wand of flame (41)
   (You found it on level 7 of the Dungeon)
 C - a wand of roots (22)
   (You found it on level 8 of the Dungeon)
 M - a wand of charming (8)
   (You found it on level 12 of the Dungeon)
Scrolls
 i - 4 scrolls of enchant armour
 j - 2 scrolls of silence
 l - a scroll of torment
 o - 3 scrolls of immolation
 t - a scroll of teleportation
 y - a scroll of revelation
 z - 2 scrolls of blinking
 A - 3 scrolls of poison
 D - a scroll of butterflies
 E - a scroll of fear
 F - 3 scrolls of vulnerability
 G - 2 scrolls of fog
Potions
 a - 4 potions of enlightenment
 d - a potion of might
 e - 4 potions of cancellation
 k - a potion of invisibility
 n - a potion of resistance
 q - 2 potions of curing
 w - 3 potions of heal wounds
 B - a potion of magic
 H - 3 potions of mutation
 I - 4 potions of ambrosia
 J - 3 potions of attraction
Miscellaneous
 L - a lightning rod (4/4)
   (You found it on level 15 of the Dungeon)


   Skills:
 - Level 15.0 Fighting
 + Level 16.1 Dodging
 - Level 13.4 Unarmed Combat
 - Level 5.0 Evocations
 - Level 12.0 Shapeshifting


You had 15 spell levels left.
You didn't know any spells.
Your spell library was empty.

Dungeon Overview and Level Annotations

Branches:
Dungeon (15/15) Zot: 26913  Temple (0/1) D:6            Lair (5/5) D:8 Zot: 23002
  Swamp (0/4) Lair:2        Snake (0/4) Lair:3        Slime (0/5) Lair:5
    Orc (0/2) D:9          Vaults (0/5) D:13          IceCv (visited)
 Depths: D:15

Altars:
Dithmenos
Elyvilon
Fedhas
Kikubaaqudgha
Nemelex Xobeh
Okawaru
Trog
Uskayaw
Yredelemnul
Jiyva

Shops:
D:1 :   D:7 !   D:9 [

Annotations:
D:4 4 runed translucent doors, Losyloc's ghost, amateur OpCK; P0068685's ghost, amateur DEIE
D:8 2 transporters, flestrin's ghost, novice TrBe
D:9 exclusion: two-headed ogre
D:15 2 runed translucent doors, Jorgrun
Lair:1 exclusion: catoblepas
Lair:5 exclusion: 2 oklob plants


Innate Abilities, Weirdness & Mutations

You have blades for main tentacles.
Your spellcasting is less reliable in this form.
You are incapable of wielding weapons or throwing items.
You cannot wear most types of armour.
You are amphibious.
You can wear up to eight rings at the same time.
Your skin changes colour to match your surroundings (Stealth+).
Your rubbery body absorbs attacks. (AC +1, EV +1)
((You are camouflaged when in or above water. (Stealth+)))
You have tentacles for arms and can constrict up to eight enemies at once.
You are partially covered in iridescent scales. (AC +2)
Your magical capacity is low. (-10% MP)


Message History

A brown ugly thing comes into view.
The brown ugly thing gurgles horribly! x4
You barely miss the brown ugly thing. Your grab misses the brown ugly thing.
You slash the brown ugly thing. You squeeze the brown ugly thing!
The brown ugly thing is moderately wounded.
You slash the brown ugly thing! You grab the brown ugly thing.
The brown ugly thing is heavily wounded.
You constrict the brown ugly thing. The brown ugly thing punches you!
You are splashed with acid!
You slice the brown ugly thing!! You squeeze the brown ugly thing.
You kill the brown ugly thing!
Trog accepts your kill. The brown ugly thing headbutts you.
You are splashed with acid.
The brown ugly thing basks in the mutagenic energy from its kin and changes!
The brown ugly thing misses you.
You see here an ugly thing corpse.
You shred the brown ugly thing!!! You grab the brown ugly thing.
You slash the brown ugly thing! You squeeze the brown ugly thing!
The brown ugly thing is severely wounded.
You constrict the brown ugly thing, but do no damage.
The brown ugly thing completely misses you. x2
The brown ugly thing gores you. The acid corrodes you!
You are splashed with acid!
You hit the brown ugly thing.
The brown ugly thing is severely wounded.
You constrict the brown ugly thing. The brown ugly thing trunk-slaps you!
The acid corrodes you!
You are splashed with acid!
The brown ugly thing gores you!
You are splashed with acid.
The brown ugly thing basks in the mutagenic energy from its kin and changes!
You are too injured to fight recklessly!
You are too injured to fight recklessly!
A red film seems to cover your vision as you go berserk!
You feel yourself moving faster!
You feel mighty!
You constrict the brown ugly thing.
The brown ugly thing struggles to escape constriction.
You slice the brown ugly thing!!
You kill the brown ugly thing!
Trog accepts your kill.
Your Dodging skill increases to level 16!
You slice the brown ugly thing!! You grab the brown ugly thing.
The brown ugly thing is moderately wounded.
You constrict the brown ugly thing.
The brown ugly thing gores you but does no damage.
The green ugly thing closely misses you.
You shred the brown ugly thing!!!
You squeeze the brown ugly thing, but do no damage.
The brown ugly thing is almost dead.
You constrict the brown ugly thing.
You hear a shout!
You hear a grinding noise.
The green ugly thing closely misses you.
You slash the brown ugly thing!
You feel the power of Trog in you as your rage grows.
You kill the brown ugly thing!
Trog accepts your kill.
The green ugly thing completely misses you.
You hit the green ugly thing. You grab the green ugly thing.
The green ugly thing is lightly wounded.
You constrict the green ugly thing. The green ugly thing stings you!
You are poisoned.
The green ugly thing poisons you!
You slice the green ugly thing!! You squeeze the green ugly thing!
The green ugly thing is heavily wounded.
You constrict the green ugly thing.
You feel very sick. The green ugly thing punches you!
* * * LOW HITPOINT WARNING * * *
You are lethally poisoned!
The green ugly thing poisons you!
You slice the green ugly thing!! You grab the green ugly thing.
You slash the green ugly thing!!
The green ugly thing is heavily wounded.
You constrict the green ugly thing.
You constrict the green ugly thing, but do no damage.
* * * LOW HITPOINT WARNING * * *
You feel extremely sick. The green ugly thing stings you!
* * * LOW HITPOINT WARNING * * *
You slice the green ugly thing!!
You kill the green ugly thing!
Trog accepts your kill.
You constrict the green ugly thing, but do no damage.
* * * LOW HITPOINT WARNING * * *
You feel extremely sick.
You slash the green ugly thing! You squeeze the green ugly thing.
The green ugly thing is severely wounded.
You constrict the green ugly thing, but do no damage.
* * * LOW HITPOINT WARNING * * *
You feel extremely sick.
The green ugly thing completely misses you.
Jorgrun Earthshaker comes into view.
He is wielding a +0 heavy quarterstaff.
You slice the green ugly thing!!
You kill the green ugly thing!
Trog accepts your kill.
* * * LOW HITPOINT WARNING * * *
You feel extremely sick.
* * * LOW HITPOINT WARNING * * *
You feel very sick.
Unknown command.
You feel a strong urge to attack something.
You die...

...#....# ..#........#
......#....#
...#####..#
#.........# .........#
#.######.#
#######.######.####..
.......@.............#
####.!..........#.#..+
#.....†......# ..
#....††......# ..+
#............# .#
#............# #
#............#
#............#
#..........g.#


There were no monsters in sight!

Vanquished Creatures
  A shard shrike (IceCv)
  Gastronok (D:11)
  A fire giant (D:12)
  A very ugly thing (D:14)
  A white draconian (IceCv)
  An ice dragon (IceCv)
  5 hydras
  Fannar (Lair:1)
  2 ironbound frosthearts (IceCv)
  A merfolk avatar (Lair:5)
  5 centaur warriors
  5 boulder beetles
  A catoblepas (D:12)
  12 death yaks
  5 two-headed ogres
  A tengu warrior (D:15)
  A deep elf knight (D:13)
  Lodul (D:13)
  Amaemon (Lair:1)
  2 skysharks (Lair:5)
  An orange crystal statue (IceCv)
  Pikel (D:7)
  An orc knight (D:13)
  A wolf spider (Lair:3)
  3 deep elf pyromancers
  A wolf spider (shapeshifter) (D:10)
  30 ugly things
  8 manticores
  9 cyclopes
  An elephant (Lair:5)
  7 black mambas
  Maurice (D:8)
  15 cane toads
  A gargoyle (D:10)
  An orange demon (Lair:1)
  2 torpor snails (Lair:5)
  19 rime drakes
  A tengu conjurer (D:15)
  11 komodo dragons
  2 tyrant leeches (Lair:2)
  2 trolls
  19 polar bears
  A queen bee (D:11)
  2 hornets
  10 blink frogs
  2 snapping turtles (Lair:5)
  15 slime creatures
  2 shadows (D:10)
  16 humans (D:13)
  2 vampires
  7 wraiths
  63 yaks
  5 wyverns
  3 steam dragons
  3 basilisks
  A fire bat (shapeshifter) (D:12)
  2 vampire mosquitoes (D:15)
  A swamp worm (Lair:2)
  2 wargs (D:11)
  3 acid dragons
  A naga (Lair:3)
  12 water moccasins
  4 orc warriors
  2 ice beasts
  A meliai simulacrum (D:12)
  A sky beast (D:7)
  3 black bears
  An ogre (D:7)
  4 wolves (Lair:1)
  9 centaurs
  4 lemures (D:7)
  4 kobold brigands
  11 bullfrogs
  6 scorpions
  A gnoll sergeant (D:10)
  29 wights
  33 killer bees
  3 electric eels (Lair:3)
  6 howler monkeys
  A lava snake (D:7)
  3 jellies
  6 hounds
  13 orc priests
  A gnoll bouda (D:3)
  Crazy Yiuf (D:7)
  A sleepcap (D:6)
  A scorpion zombie (D:4)
  5 iguanas
  18 orc wizards
  A hell rat (D:8)
  16 gnolls
  15 adders
  A river rat (D:8)
  3 shadow imps
  2 white imps
  2 ufetubi
  An adder zombie (D:4)
  2 dart slugs
  42 orcs
  2 bats (D:3)
  5 endoplasms
  11 hobgoblins
  8 jackals
  14 kobolds
  5 quokkas
  12 ball pythons
  3 frilled lizards
  6 goblins
  7 rats
669 creatures vanquished.

Notes
Turn   | Place    | Note
-------+----------+-------------------------------------------
     0 | D:1      | Flugkiller the Octopode Berserker began the quest for the
                  | Orb.
     0 | D:1      | Reached XP level 1. HP: 16/16 MP: 1/1
   123 | D:1      | Found Deakoev's Vocational Training.
   138 | D:1      | Reached XP level 2. HP: 16/21 MP: 2/2
   539 | D:1      | Found a faded altar of an unknown god.
   562 | D:1      | Reached XP level 3. HP: 26/26 MP: 3/3
   641 | D:2      | Reached ** piety under Trog
   767 | D:2      | Identified the +1 plate armour of the Loofah {rC+ Regen+
                  | Dex-2 SInv}
   823 | D:2      | Reached XP level 4. HP: 33/33 MP: 4/4
  1516 | D:3      | Reached XP level 5. HP: 32/37 MP: 5/5
  1564 | D:3      | Reached skill level 4 in Dodging
  1912 | D:3      | You fall into a shaft and drop 3 floors!
  2116 | D:5      | Entered Level 5 of the Dungeon
  2126 | D:5      | Reached XP level 6. HP: 44/44 MP: 6/6
  2340 | D:4      | Reached skill level 5 in Fighting
  2340 | D:4      | Reached *** piety under Trog
  2345 | D:4      | Reached skill level 5 in Unarmed Combat
  2423 | D:4      | Reached XP level 7. HP: 50/50 MP: 7/7
  2435 | D:4      | Reached skill level 5 in Dodging
  2454 | D:4      | Found a runed translucent door.
  2456 | D:4      | Noticed P0068685's ghost (amateur DEIE)
  2462 | D:4      | Found a runed translucent gate.
  2462 | D:4      | Found a runed translucent gate.
  2462 | D:4      | Found a runed translucent gate.
  2462 | D:4      | Noticed Losyloc's ghost (amateur OpCK)
  2464 | D:4      | Found a basalt altar of Yredelemnul.
  2768 | D:4      | Found a shadowy altar of Dithmenos.
  3168 | D:5      | Found a white marble altar of Elyvilon.
  3258 | D:5      | Reached XP level 8. HP: 53/57 MP: 8/8
  3266 | D:5      | Reached skill level 6 in Dodging
  3538 | D:5      | Found a blossoming altar of Fedhas.
  3665 | D:5      | Noticed a yak
  3666 | D:5      | Noticed a yak
  3666 | D:5      | Noticed a yak
  3666 | D:5      | Noticed a yak
  3667 | D:5      | Noticed a yak
  3667 | D:5      | Noticed a yak
  3684 | D:5      | Killed a yak
  3689 | D:5      | Killed a yak
  3692 | D:5      | Killed a yak
  3695 | D:5      | Killed a yak
  3696 | D:5      | Reached skill level 7 in Dodging
  3696 | D:5      | Reached XP level 9. HP: 64/64 MP: 7/9
  4026 | D:6      | Found a staircase to the Ecumenical Temple.
  4218 | D:6      | Reached **** piety under Trog
  4684 | D:6      | Reached skill level 8 in Dodging
  4934 | D:7      | Found an ancient bone altar of Kikubaaqudgha.
  5095 | D:7      | Noticed Pikel
  5105 | D:7      | Killed Pikel
  5106 | D:7      | Reached XP level 10. HP: 73/73 MP: 10/10
  5216 | D:7      | Found a runed translucent door.
  5217 | D:7      | Noticed Crazy Yiuf
  6223 | D:7      | Killed Crazy Yiuf
  6292 | D:8      | Identified the +0 leather armour of the Harvest {rElec rF-
                  | rN+}
  6298 | D:8      | Noticed flestrin's ghost (novice TrBe)
  6299 | D:8      | Noticed a moth of wrath
  6319 | D:8      | Noticed a death yak
  6331 | D:8      | Killed a death yak
  6332 | D:8      | Reached skill level 9 in Dodging
  6346 | D:8      | Found a staircase to the Lair.
  6346 | D:8      | Noticed a death yak
  6347 | D:8      | Noticed a death yak
  6499 | D:8      | Noticed a cyclops
  6514 | D:8      | Killed a cyclops
  6720 | D:7      | Found Isauze's Distillery.
  6725 | D:7      | Bought a potion of invisibility for 120 gold pieces
  6798 | D:7      | Found a faded altar of an unknown god.
  6798 | D:7      | Found the Hermit's Pendant {Faith Invo=14 Evo=0 MP+5}
  7099 | D:8      | Killed a death yak
  7100 | D:8      | Reached skill level 5 in Evocations
  7100 | D:8      | Reached XP level 11. HP: 76/81 MP: 6/11
  7214 | D:8      | Killed a death yak
  7308 | D:8      | Found a transporter.
  7309 | D:8      | Found a bloodstained altar of Trog.
  7316 | D:8      | Found a transporter.
  7330 | D:8      | Noticed Maurice
  7338 | D:8      | Killed Maurice
  7339 | D:8      | Reached skill level 10 in Fighting
  7339 | D:8      | Reached skill level 10 in Dodging
  7392 | D:8      | Reached skill level 10 in Unarmed Combat
  7514 | D:8      | Found a hide-covered altar of Uskayaw.
  7547 | D:9      | Noticed a two-headed ogre
  8045 | D:9      | Found a staircase to the Orcish Mines.
  8047 | D:9      | Found Tix Cor's Armour Shop.
  8362 | D:9      | Found a bloodstained altar of Trog.
  8430 | D:9      | Noticed a two-headed ogre
  8437 | D:9      | Killed a two-headed ogre
  8532 | D:9      | Noticed a two-headed ogre
  8548 | D:9      | Killed a two-headed ogre
  8605 | D:9      | Found an iron altar of Okawaru.
  8894 | D:10     | Entered Level 10 of the Dungeon
  9215 | D:10     | Noticed a two-headed ogre
  9224 | D:10     | Killed a two-headed ogre
  9258 | D:10     | Found a sparkling altar of Nemelex Xobeh.
  9340 | D:10     | Noticed a two-headed ogre
  9474 | D:10     | Killed a two-headed ogre
  9475 | D:10     | Reached skill level 11 in Dodging
  9533 | D:10     | Reached XP level 12. HP: 48/89 MP: 5/12
 10782 | D:11     | Noticed Gastronok
 10794 | D:11     | Killed Gastronok
 10827 | D:11     | Reached skill level 12 in Dodging
 11038 | D:11     | Noticed a two-headed ogre
 11044 | D:11     | Killed a two-headed ogre
 11097 | D:11     | Reached ***** piety under Trog
 11440 | D:11     | Noticed a centaur warrior
 11447 | D:11     | Killed a centaur warrior
 12042 | D:12     | Found an iron altar of Okawaru.
 12043 | D:12     | Noticed a boulder beetle
 12062 | D:12     | Killed a boulder beetle
 12073 | D:11     | HP: 3/92 [slime creature (8)]
 13115 | D:12     | Reached XP level 13. HP: 88/98 MP: 11/13
 13555 | D:12     | Noticed a fire giant
 13968 | D:12     | Gained mutation: Your magical capacity is low. (-10% MP)
                  | [potion of mutation]
 13968 | D:12     | Gained mutation: You are partially covered in iridescent
                  | scales. (AC +2) [potion of mutation]
 14220 | Lair:1   | Entered Level 1 of the Lair of Beasts
 14449 | Lair:1   | Noticed Amaemon
 14459 | Lair:1   | Killed Amaemon
 14532 | Lair:1   | Noticed Fannar
 14542 | Lair:1   | Killed Fannar
 14543 | Lair:1   | Reached skill level 13 in Dodging
 16053 | Lair:2   | Reached skill level 1 in Shapeshifting
 16112 | Lair:2   | Found a staircase to the Swamp.
 16882 | Lair:3   | Reached XP level 14. HP: 106/106 MP: 10/12
 17040 | Lair:3   | Found a staircase to the Snake Pit.
 17073 | Lair:3   | Reached skill level 5 in Shapeshifting
 17194 | Lair:3   | Received a gift from Trog
 18274 | Lair:4   | You fall into a shaft and drop 1 floor!
 18274 | Lair:5   | Entered Level 5 of the Lair of Beasts
 20151 | Lair:5   | Reached skill level 10 in Shapeshifting
 20278 | Lair:5   | Found a staircase to the Slime Pits.
 20278 | Lair:5   | Found a viscous altar of Jiyva.
 20698 | Lair:5   | Reached XP level 15. HP: 111/111 MP: 13/13
 20709 | Lair:5   | Identified the +3 trident of Valuable Assets {elec, *Noise
                  | Will+ rCorr}
 20788 | Lair:5   | Reached skill level 14 in Dodging
 21814 | D:12     | Killed a fire giant
 22039 | D:13     | Reached skill level 15 in Dodging
 22354 | D:13     | Found a gate to the Vaults.
 22372 | D:13     | Noticed Lodul
 22381 | D:13     | Killed Lodul
 22412 | D:13     | HP: 3/112 [something (13)]
 23289 | D:14     | Found a frozen archway.
 23318 | D:14     | Received a gift from Trog
 23332 | IceCv    | Entered an ice cave
 23766 | IceCv    | Reached skill level 15 in Fighting
 23821 | IceCv    | Noticed a shard shrike
 23824 | IceCv    | Killed a shard shrike
 23825 | IceCv    | Reached XP level 16. HP: 117/122 MP: 14/14
 24827 | D:15     | Entered Level 15 of the Dungeon
 24901 | D:15     | Found a runed translucent gate.
 24901 | D:15     | Found a runed translucent gate.
 24914 | D:15     | Reached skill level 16 in Dodging
 24921 | D:15     | Noticed Jorgrun
 24922 | D:15     | HP: 7/183 [poisoned by a green ugly thing]
 24923 | D:15     | HP: 2/183 [poisoned by a green ugly thing]
 24924 | D:15     | Succumbed to a green ugly thing's poison

Illustrated notes

Levels and vault maps discovered:
D:1:      dpeg_arrival_renting, layout_basic, basic_ecumenical_altar,
          nicolae_shop_vocational
D:2:      layout_loops_ring, minmay_hexomino_p4
D:3:      layout_rooms
D:4:      layout_loops_ring, marbit_many_paths,
          nicolae_yredelemnul_ghost_church, ebering_ghost_sewer_d
D:5:      layout_rooms, hangedman_feature_mirror
D:6:      layout_cave_pods, minmay_temple_entry_purple_smoke
D:7:      minmay_octagon_keep, layout_loops_corners, lemuel_tele_altar,
          serial_shops, nicolae_shop_industrial_runoff, nicolae_lava_and_water,
          minmay_misc_feat_diagonals, grunt_ministairs_4,
          hellmonk_guarded_unrand_hermit, uniq_pikel, uniq_crazy_yiuf_cottage
D:8:      layout_rooms, mainiacjoe_overflow_alcove_1, dpeg_lair_monsters,
          gammafunk_ghost_wrathful_warriors, uniq_maurice
D:9:      layout_loops_ring, amcnicky_altar_gilded, trog_book, orc_david_3
D:10:     cheibrodos_fzero, layout_small_grid,
          mainiacjoe_overflow_surrounded_room, nicolae_twisting_strands
D:11:     giant_chief_lemuel, layout_loops_ring, special_room
          [special_room_bee], uniq_gastronok
D:12:     hourglass_vault, layout_cave_pools, okawaru_trees_2
D:13:     layout_rooms, david_vaults_3
D:14:     layout_cave_pools, nicolae_titane, portal_ice_cave_entry_ugly_swarm
D:15:     hangedman_depths_entry_civil_slaughter, layout_small_grid,
          ebering_ghost_gozag, serial_shops, shop, hangedman_decor_lopped,
          uniq_jorgrun, uniq_agnes
Lair:1:   layout_chaotic_city, grunt_megastairs_5, lemuel_fruit_fields,
          uniq_amaemon, uniq_fannar
Lair:2:   layout_small_grid, minmay_swamp_entry_worms, grunt_megastairs_3
Lair:3:   minmay_lair_venomous_thicket, layout_gridlike,
          guppyfry_snake_entry_island, serial_bayou, serial_bayou_pond_b,
          serial_bayou_pond_a, serial_bayou_lagoon_b, serial_bayou_pond_c,
          dreamdust_deal_with_the_devil, minivault_24,
          infiniplex_staircase_pool_2
Lair:4:   layout_loops_ring, serial_bayou_shore_a
Lair:5:   gammafunk_lair_ancient_temple, layout_layer_cave,
          minmay_slime_entry_oklob_open, chequers_serial_rivers_small_b,
          st_stairs_4

Skill      XL: |  1  2  3  4  5  6  7  8  9 10 11 12 13 14 15 16 |
---------------+-------------------------------------------------+-----
Fighting       | 4 5 7 8 9 11 12 13 15 | 15.0
Unarmed Combat | 4 5 7 8 9 11 12 13 | 13.4
Dodging        | 4 5 7 8 9 11 12 13 15 16 | 16.1
Evocations     | 2 5 |  5.0
Shapeshifting  | 4 10 11 12 | 12.0

Action                     |  1- 3 |  4- 6 |  7- 9 | 10-12 | 13-15 | 16-18 || total
---------------------------+-------+-------+-------+-------+-------+-------++-------
  Melee: Unarmed           |    57 |   103 |   203 |   547 |   983 |    87 ||  1980
         Constrict         |    21 |    39 |    48 |    94 |   105 |     9 ||   316
         Tentacles         |    15 |    22 |    59 |   160 |   310 |    22 ||   588
         Punch             |       |     5 |    14 |    56 |   126 |    13 ||   214
 Invoke: Berserk           |       |     5 |     9 |    21 |    31 |     2 ||    68
         Trog's Hand       |       |       |       |       |     5 |       ||     5
         Brothers in Arms  |       |       |       |       |     2 |       ||     2
  Evoke: Wand              |       |       |       |     5 |     6 |     1 ||    12
    Use: Scroll            |       |     4 |     4 |    11 |    12 |     1 ||    32
         Potion            |       |     1 |     2 |     4 |    12 |       ||    19
   Stab: Sleeping          |     7 |     7 |     7 |    10 |    21 |     1 ||    53
         Distracted        |       |     1 |     2 |     2 |     3 |       ||     8
         Invisible         |       |       |       |       |     1 |       ||     1
 Armour: Skin              |     2 |     1 |     4 |    29 |   136 |    13 ||   185
  Dodge: Dodged            |    27 |    73 |   118 |   474 |   874 |    82 ||  1648
   Form: Blade             |       |       |       |       |     1 |       ||     1

Table legend: (Time is in decaauts)
 A = Elapsed time spent in this place.
 B = Non-inter-level travel time spent in this place.
 C = Inter-level travel time spent in this place.
 D = Time resting spent in this place.
 E = Time spent auto-exploring this place.
 F = Levels seen in this place.
 G = Mean time per level.
                   A        B        C        D        E       F      G
               +--------+--------+--------+--------+--------+-----+--------+
         Total |  25169 |  24470 |    699 |   8717 |  10745 |  21 | 1198.5 |
       Dungeon |  17110 |  16563 |    547 |   5831 |   7514 |  15 | 1140.7 |
          Lair |   6997 |   6846 |    151 |   2373 |   2969 |   5 | 1399.4 |
      Ice Cave |   1061 |   1061 |      0 |    512 |    261 |   1 | 1061.0 |
               +--------+--------+--------+--------+--------+-----+--------+

Top non-repeatable levels by time:
    D:11: 3176 daAuts
     D:7: 2015 daAuts
  Lair:5: 1967 daAuts
    D:10: 1753 daAuts
    D:12: 1452 daAuts
  Lair:4: 1444 daAuts
  Lair:3: 1263 daAuts
     D:9: 1208 daAuts
  Lair:1: 1204 daAuts
  Lair:2: 1119 daAuts
     D:6: 1082 daAuts
   IceCv: 1061 daAuts
     D:4: 988 daAuts
     D:5: 970 daAuts
     D:8: 907 daAuts
